 Dungeon Crawl Stone Soup version 0.30-a0-137-gd8773701ce (webtiles) character file.

Game seed: 13342119050097682380

2353 EyeSee2020 the Cleaver (level 9, -6/79 HPs)
             Began as a Minotaur Berserker on Sept 22, 2022.
             Was a Priest of Trog.
             Mangled by jlumianski's ghost (10 damage)
             ... on level 3 of the Dungeon.
             The game lasted 00:11:32 (6588 turns).

EyeSee2020 the Cleaver (Minotaur Berserker)         Turns: 6588, Time: 00:11:32

Health: -6/79      AC: 13    Str: 26    XL:     9   Next: 20%
Magic:  8/8        EV: 10    Int:  4    God:    Trog [***...]
Gold:   271        SH:  0    Dex: 10    Spells: 8/8 levels left

rFire   x . .      SeeInvis .    a - +0 hand axe
rCold   + . .      Faith    .    (no shield)
rNeg    . . .      Spirit   .    E - +0 chain mail
rPois   .          Reflect  .    (helmet restricted)
rElec   .          Harm     .    C - +2 cloak
rCorr   +          Rampage  .    (no gloves)
Will    .....                    (no boots)
Stlth   ..........               (no amulet)
HPRegen 0.23/turn                m - ring of resist corrosion
MPRegen 0.11/turn                D - ring of ice

@: on berserk cooldown, slowed, very slow
A: horns 2, retaliatory headbutt
a: Renounce Religion, Berserk, Trog's Hand


You were on level 3 of the Dungeon.
You worshipped Trog.
Trog was most pleased with you.
You visited 1 branch of the dungeon, and saw 6 of its levels.

You collected 271 gold pieces.

Inventory:

Hand Weapons
 a - a +0 hand axe (weapon)
 p - a +0 short sword of venom
Missiles
 f - 9 poisoned darts (quivered)
 h - 2 throwing nets
 r - 36 stones
Armour
 y - a scarf of invisibility
 C - a +2 cloak (worn)
 E - a +0 chain mail (worn)
Magical Staves
 A - a staff of fire
Jewellery
 m - a ring of resist corrosion (left hand)
 D - a ring of ice (right hand)
Scrolls
 b - 2 scrolls of blinking {unknown}
 c - 5 scrolls of teleportation {unknown}
 e - 3 scrolls of fear {unknown}
 i - 2 scrolls of enchant weapon {unknown}
 q - 2 scrolls of enchant armour {unknown}
 v - 5 scrolls of identify {unknown}
 x - a scroll of torment {unknown}
 z - a scroll of vulnerability {unknown}
 B - a scroll of fog {unknown}
Potions
 d - 2 potions of flight {unknown}
 g - 2 potions of lignification {unknown}
 j - a potion of might {unknown}
 k - 2 potions of magic {unknown}
 o - 2 potions of resistance {unknown}
 s - a potion of heal wounds {unknown}
 t - a potion of invisibility {unknown}
 u - 2 potions of curing {unknown}
 w - a potion of attraction {unknown}


   Skills:
 + Level 7.5 Fighting
 * Level 10.1 Axes
 + Level 7.0 Armour
 + Level 6.3 Dodging


You had 8 spell levels left.
You didn't know any spells.
Your spell library was empty.

Dungeon Overview and Level Annotations

Branches:
Dungeon (6/15)             Temple (0/1) D:6

Altars:
Fedhas
Sif Muna
Wu Jian
Yredelemnul

Shops:
D:4 :

Annotations:
D:3 jlumianski's ghost, amateur GrGl


Innate Abilities, Weirdness & Mutations

You have a pair of horns on your head.
You reflexively headbutt those who attack you in melee.


Message History

Jlumianski's ghost is heavily damaged.
Jlumianski's ghost closely misses you.
You closely miss jlumianski's ghost.
Jlumianski's ghost is heavily damaged.
Jlumianski's ghost hits you.
You hit jlumianski's ghost.
You headbutt jlumianski's ghost, but do no damage.
Jlumianski's ghost is severely damaged.
Jlumianski's ghost hits you but does no damage.
You hit jlumianski's ghost.
You headbutt jlumianski's ghost, but do no damage.
Jlumianski's ghost is severely damaged.
Jlumianski's ghost hits you! Jlumianski's ghost hits you.
You barely miss jlumianski's ghost.
Your headbutt misses jlumianski's ghost.
Jlumianski's ghost is severely damaged.
Jlumianski's ghost closely misses you.
You hit jlumianski's ghost.
Jlumianski's ghost is almost destroyed.
Jlumianski's ghost hits you.
* * * LOW HITPOINT WARNING * * *
You miss jlumianski's ghost.
Your headbutt misses jlumianski's ghost.
Jlumianski's ghost is almost destroyed.
Jlumianski's ghost hits you!
* * * LOW HITPOINT WARNING * * *
Okay, then.
You miss jlumianski's ghost.
Jlumianski's ghost is almost destroyed.
Jlumianski's ghost hits you.
* * * LOW HITPOINT WARNING * * *
You hit jlumianski's ghost but do no damage.
Jlumianski's ghost is almost destroyed.
Jlumianski's ghost hits you but does no damage.
Jlumianski's ghost shouts, "Do you think the gods will protect you?"
Jlumianski's ghost hits you but does no damage.
You closely miss jlumianski's ghost.
Jlumianski's ghost is severely damaged.
Jlumianski's ghost hits you!
You die...

.......'.....'...# #.....
.#######....##..^# #.....
##############...###### ###'##
......# ###.#.⌠P[## #.# ....#†#
#..#....8# #.# ###.#.# #..#......
#####.# ###.#.#
##..'.....!##.....# ....#.#
#...W.....8#......## ....#.#
#..@'......#...>....
....#.########...#......##....###
......#..))).....#....8##'.......
.######.##########.⌠.[##.########
.# #.# #####..# .# #.# #..>†.# .#
#.# #.....# .# #.# #.....###
.######.# #.......#


You could see jlumianski's ghost.

Vanquished Creatures
  A manticore (D:6)
  The ghost of beryleye the Trooper, an amateur MiFi of Jiyva (D:3)
  4 water moccasins
  An ogre (D:5)
  2 ice beasts (D:6)
  A black bear (D:6)
  The ghost of Ofeo the Vexing, an amateur DsHs (D:3)
  A phantom (D:6)
  3 scorpions
  A necrophage (D:4)
  A centaur zombie (D:5)
  2 jellies (D:6)
  2 hounds
  An iguana (D:6)
  3 orc wizards (D:5)
  3 hound zombies (D:5)
  12 gnolls
  A howler monkey zombie (D:5)
  5 adders
  A white imp (D:6)
  An ufetubus (D:5)
  A worm (D:2)
  3 dart slugs (D:3)
  15 orcs
  6 ball pythons
  5 bats
  4 endoplasms
  5 giant cockroaches
  6 goblins
  7 hobgoblins
  5 quokkas
  5 frilled lizards
  2 kobolds (D:2)
  7 rats
119 creatures vanquished.

Vanquished Creatures (others)
  3 withered plants (D:3)
3 creatures vanquished.

Grand Total: 122 creatures vanquished

Notes
Turn   | Place    | Note
-------+----------+-------------------------------------------
     0 | D:1      | EyeSee2020 the Minotaur Berserker began the quest for the
                  | Orb.
     0 | D:1      | Reached XP level 1. HP: 19/19 MP: 0/0
   106 | D:1      | Reached XP level 2. HP: 27/27 MP: 1/1
   119 | D:1      | Reached skill level 4 in Axes
   372 | D:1      | You fall into a shaft and drop 1 floor!
   402 | D:2      | Reached ** piety under Trog
   760 | D:2      | Reached XP level 3. HP: 33/33 MP: 2/2
   767 | D:2      | Reached XP level 4. HP: 40/40 MP: 3/3
  1671 | D:3      | Found a large runed translucent door.
  1672 | D:3      | Found a large runed translucent door.
  1674 | D:3      | Reached skill level 5 in Axes
  1730 | D:3      | Found a runed translucent gate.
  1730 | D:3      | Found a runed translucent gate.
  1731 | D:3      | Found a runed translucent gate.
  1732 | D:3      | Noticed beryleye's ghost (amateur MiFi)
  1732 | D:3      | Noticed Ofeo's ghost (amateur DsHs)
  1733 | D:3      | Noticed jlumianski's ghost (amateur GrGl)
  1751 | D:3      | Reached XP level 5. HP: 28/47 MP: 4/4
  2213 | D:3      | Found a shimmering blue altar of Sif Muna.
  2232 | D:3      | Found an ornate altar of the Wu Jian Council.
  2711 | D:4      | Reached *** piety under Trog
  2712 | D:4      | Reached XP level 6. HP: 30/55 MP: 5/5
  2966 | D:4      | Reached skill level 6 in Axes
  2975 | D:4      | Found a blossoming altar of Fedhas.
  3036 | D:4      | Found Uzushrecs's Book Shoppe.
  3379 | D:5      | Entered Level 5 of the Dungeon
  3382 | D:5      | Noticed a water moccasin
  3390 | D:5      | Reached skill level 5 in Fighting
  3394 | D:4      | Killed a water moccasin
  3711 | D:5      | Reached XP level 7. HP: 59/61 MP: 6/6
  3743 | D:5      | Reached skill level 7 in Axes
  3816 | D:5      | Found a basalt altar of Yredelemnul.
  3822 | D:5      | Reached skill level 5 in Armour
  4949 | D:6      | Noticed a manticore
  4957 | D:6      | Killed a manticore
  4958 | D:6      | Reached skill level 8 in Axes
  4958 | D:6      | Reached skill level 5 in Dodging
  4958 | D:6      | Reached XP level 8. HP: 39/71 MP: 7/7
  5221 | D:6      | Reached skill level 9 in Axes
  5230 | D:6      | HP: 3/71 [poisoned by a water moccasin]
  5610 | D:6      | Found a staircase to the Ecumenical Temple.
  6125 | D:6      | Reached XP level 9. HP: 56/79 MP: 8/8
  6557 | D:3      | Killed Ofeo's ghost
  6563 | D:3      | Killed beryleye's ghost
  6564 | D:3      | Reached skill level 10 in Axes
  6586 | D:3      | HP: 3/79 [jlumianski's ghost (6)]
  6588 | D:3      | Mangled by jlumianski's ghost

Illustrated notes

Levels and vault maps discovered:
D:1:      shiori_arrival_maze, layout_basic, nicolae_figureground_pulse
D:2:      layout_basic, minmay_misc_feat_roman, minmay_pentomino_u2
D:3:      layout_basic, jmf_multi_god_temple2, gammafunk_ghost_cemetery
D:4:      layout_cave_pools, lemuel_coloured_pillars_altar, serial_glass,
          glass_columns_a, glass_columns_a, serial_shops,
          nicolae_inconvenience_store, grunt_decor_fettered
D:5:      layout_loops_ring, nicolae_yredelemnul_corpse_copse, st_stairs_8
D:6:      layout_basic, minmay_temple_entry_steel_oval, serial_glass,
          glass_columns_c, glass_columns_b

Skill      XL: |  1  2  3  4  5  6  7  8  9 |
---------------+----------------------------+-----
Axes           | 4 5 6 8 9 10 | 10.1
Fighting       | 4 5 6 7 |  7.5
Armour         | 3 4 6 7 |  7.0
Dodging        | 3 4 5 6 |  6.3

Action                   |  1- 3 |  4- 6 |  7- 9 || total
-------------------------+-------+-------+-------++-------
Melee: Hand axe          |    48 |   116 |   198 ||   362
       Headbutt          |     6 |    22 |    33 ||    61
       Punch             |       |     1 |     2 ||     3
Invok: Berserk           |     1 |     1 |     2 ||     4
Armor: Animal skin       |    10 |       |       ||    10
       Scale mail        |       |    48 |    42 ||    90
       Chain mail        |       |       |    32 ||    32
Dodge: Dodged            |    39 |    71 |    84 ||   194

Table legend: (Time is in decaauts)
 A = Elapsed time spent in this place.
 B = Non-inter-level travel time spent in this place.
 C = Inter-level travel time spent in this place.
 D = Time resting spent in this place.
 E = Time spent auto-exploring this place.
 F = Levels seen in this place.
 G = Mean time per level.
                   A        B        C        D        E       F      G
               +--------+--------+--------+--------+--------+-----+--------+
         Total |   6597 |   6286 |    311 |      0 |   5466 |   6 | 1099.5 |
       Dungeon |   6597 |   6286 |    311 |      0 |   5466 |   6 | 1099.5 |
               +--------+--------+--------+--------+--------+-----+--------+

Top non-repeatable levels by time:
     D:6: 1478 daAuts
     D:5: 1389 daAuts
     D:4: 1263 daAuts
     D:2: 1065 daAuts
     D:3: 1025 daAuts
     D:1: 374 daAuts
